 Dungeon Crawl Stone Soup version 0.31-a0-150-g89dc3ad700 (webtiles) character file.

Game seed: 420310790473537600

109 qw the Shooter (level 4, -3/28 HPs)
             Began as a Gargoyle Hunter on June 8, 2023.
             Slain by a gnoll
             ... wielding a +0 halberd
              (7 damage)
             ... on level 3 of the Dungeon.
             The game lasted 00:00:45 (2218 turns).

qw the Shooter (Gargoyle Hunter)                    Turns: 2218, Time: 00:00:45

Health: -3/28      AC: 10    Str: 14    XL:     4   Next: 90%
Magic:  4/4        EV: 11    Int: 10    God:
Gold:   1280       SH:  0    Dex: 15    Spells: 3/3 levels left

rFire   . . .        Y - +0 shortbow
rCold   . . .        (shield currently unavailable)
rNeg    + . .        c - +0 leather armour
rPois   inf          (no helmet)
rElec   +            h - +1 cloak
rCorr   .            l - +1 Delatra's gloves {ID++}
SInv    .            (no boots)
Will    .....        (no amulet)
Stlth   ++           (no ring)
HPRegen 0.24/turn    (no ring)
MPRegen 0.09/turn

%: no passive effects
@: no status effects
A: sickness immunity, AC +3, negative energy resistance 1, electricity
resistance, torment resistance 1, petrification resistance
a: no special abilities


You were on level 3 of the Dungeon.
You visited 1 branch of the dungeon, and saw 3 of its levels.

You collected 1280 gold pieces.


Innate Abilities, Weirdness & Mutations

You are immune to sickness and miasma.
Your stone body is resilient. (AC +3)
You are immune to poison.
You resist negative energy. (rN+)
You are resistant to electric shocks. (rElec)
You are resistant to unholy torment.
You are immune to petrification.


   Skills:
 - Level 3.2 Fighting
 + Level 5.5 Ranged Weapons
 - Level 1.0 Armour
 - Level 1.5 Dodging
 - Level 1.1 Stealth


You had 3 spell levels left.
You didn't know any spells.
Your spell library was empty.

Inventory:

Hand Weapons
 Y - a +0 shortbow (weapon)
Armour
 c - a +0 leather armour (worn)
 f - a +0 ring mail
 h - a +1 cloak (worn)
 l - the +1 Delatra's gloves (worn) {ID++}
   (You found it on level 2 of the Dungeon)

   ID++:      It heals its wearer when they drink unknown potions, and restores
   their MP when they read unknown scrolls.
Jewellery
 d - a ring of fire
Scrolls
 a - a scroll of identify
 k - a scroll of fear {unknown}
Potions
 b - a potion of curing {unknown}
 e - a potion of resistance {unknown}
 g - a potion of heal wounds {unknown}
 i - a potion of cancellation {unknown}
 j - 2 potions of degeneration {unknown}

Dungeon Overview and Level Annotations

Branches:
Dungeon (3/15)

Altars:

Annotations:
D:3 1 runed translucent door


Message History

You kill the gnoll!
Your Armour skill increases to level 1!
You shoot an arrow. The arrow hits the adder.
The adder is lightly wounded.
You shoot an arrow. The arrow hits the adder!
The adder is severely wounded.
The adder bites you but does no damage.
You shoot an arrow. The arrow hits the adder.
The adder is almost dead.
The adder barely misses you. x2
You shoot an arrow. The arrow closely misses the adder.
The gnoll misses you. The adder closely misses you.
You shoot an arrow. The arrow hits the adder.
You kill the adder!
The gnoll hits you from afar with a +0 halberd.
The gnoll hits you with a +0 flail! The gnoll hits you but does no damage.
The gnoll barely misses you.
You shoot an arrow. The arrow hits the gnoll.
The gnoll is lightly wounded.
The gnoll closely misses you. x2
You shoot an arrow.
The arrow hits the gnoll but does no damage.
The gnoll is lightly wounded.
The gnoll barely misses you. The gnoll hits you but does no damage.
You shoot an arrow. The arrow hits the gnoll!
The gnoll is severely wounded.
The gnoll hits you but does no damage.
The gnoll hits you from afar with a +0 halberd!
You shoot an arrow. The arrow hits the gnoll!
You kill the gnoll!
The gnoll hits you but does no damage.
You shoot an arrow. The arrow barely misses the gnoll.
The gnoll misses you.
You shoot an arrow. The arrow hits the gnoll.
The gnoll is lightly wounded.
The gnoll hits you from afar with a +0 halberd.
The gnoll closely misses you.
You shoot an arrow. The arrow barely misses the gnoll.
The gnoll hits you from afar with a +0 halberd!
You die...

.........# .........#
.........# ....:....#
.........# .........#
####+# .........# #~~~.~
.!.....@.##########~¤...
.....g)...>.......#¤..~.
.....############)'.¤¤~~
.... ###~.%~. ... #~~..¤
.. #~~¤.¤ . ####'# #...#
#....


You could see a gnoll.

Vanquished Creatures
  5 gnolls
  An adder (D:3)
  A dart slug (D:1)
  An orc (D:3)
  5 bats
  4 endoplasms
  3 giant cockroaches
  4 hobgoblins
  4 jackals (D:1)
  3 kobolds
  3 quokkas
  3 ball pythons
  3 frilled lizards
  6 goblins
  4 rats
50 creatures vanquished.

Notes
Turn   | Place    | Note
-------+----------+-------------------------------------------
     0 | D:1      | qw the Gargoyle Hunter began the quest for the Orb.
     0 | D:1      | Reached XP level 1. HP: 12/12 MP: 1/1
     0 | D:1      | 0 ||| qw: Version: 0.2-a-119-g7aa9181
     0 | D:1      | 0 ||| qw: Game counter: 2856
     0 | D:1      | 0 ||| qw: Always use a shield: true
     0 | D:1      | 0 ||| qw: God list: Okawaru
     0 | D:1      | 0 ||| qw: Allow faded altars: false
     0 | D:1      | 0 ||| qw: Do Orc after D:15 true
     0 | D:1      | 0 ||| qw: Do second Lair branch before Depths: true
     0 | D:1      | 0 ||| qw: Lair rune preference: random
     0 | D:1      | 0 ||| qw: Plans: Normal
     0 | D:1      | 0 ||| PLANNING D:1-11
   368 | D:1      | Reached XP level 2. HP: 17/17 MP: 2/2
   891 | D:1      | 891 ||| UPGRADING to +0 cloak.
   896 | D:1      | 896 ||| READING 2 scrolls labelled TYDIBB XAECENU.
   897 | D:1      | 897 ||| READING scroll labelled GAUQAE PATOAXU.
   901 | D:1      | 901 ||| READING scroll labelled NUHUIL WEMAMAJ.
   902 | D:1      | 902 ||| DROPPING scroll of butterflies.
   952 | D:2      | 952 ||| STAIRDANCE
   961 | D:1      | Reached XP level 3. HP: 21/21 MP: 3/3
   966 | D:2      | 966 ||| STAIRDANCE
   969 | D:1      | Reached skill level 5 in Ranged Weapons
  1265 | D:2      | Found a faded altar of an unknown god.
  1294 | D:2      | Found the +1 Delatra's gloves {ID++}
  1728 | D:2      | HP: 1/22 [gnoll/+0 halberd (11)]
  1729 | D:2      | Reached skill level 3 in Fighting
  1729 | D:2      | Reached XP level 4. HP: 2/28 MP: 4/4
  1729 | D:2      | 1729 ||| READING scroll of teleportation.
  1731 | D:2      | 1731 ||| Stepping ~*~*~tactically~*~*~ (outnumbered).
  2066 | D:2      | 2066 ||| UPGRADING to +1 Delatra's gloves {ID++}.
  2071 | D:2      | 2071 ||| READING 2 scrolls labelled JAIVEPU HAVUPH.
  2072 | D:2      | 2072 ||| READING scroll of enchant armour.
  2072 | D:2      | 2072 ||| ENCHANTING +0 cloak.
  2073 | D:2      | 2073 ||| READING scroll labelled EPIAS LAC ZOHI.
  2073 | D:2      | Identified a scroll of acquirement
  2073 | D:2      | 2073 ||| ACQUIRING 1159 gold pieces
  2073 | D:2      | Acquired 1159 gold pieces
  2075 | D:2      | 2075 ||| READING scroll labelled ITOSISKIZYA.
  2076 | D:2      | 2076 ||| READING scroll labelled INOUS BAAC.
  2109 | D:3      | Found a runed translucent door.
  2201 | D:3      | 2201 ||| Stepping ~*~*~tactically~*~*~ (outnumbered).
  2207 | D:3      | Reached skill level 1 in Armour
  2217 | D:3      | HP: 4/28 [gnoll/+0 halberd (5)]
  2218 | D:3      | Slain by a gnoll

Levels and vault maps discovered:
D:1:      spicycebolla_green_bress_n_ham, layout_loops_ring, serial_aquarium,
          aquarium_bridge_straight [aquarium_subvault_bridge,
          aquarium_subvault_wall, aquarium_subvault_bridge,
          aquarium_subvault_wall], aquarium_bridge_square
          [aquarium_subvault_bridge, aquarium_subvault_bridge,
          aquarium_subvault_bridge, aquarium_subvault_wall], aquarium_window_1,
          aquarium_window_1, aquarium_window_corridor_1, aquarium_view_2f,
          aquarium_view_2e, aquarium_balcony_double_3
D:2:      layout_loops_ring, shapermc_ecumenical_altar_flowoftime,
          serial_forest, infiniplex_forest_pool, infiniplex_forest_end_2,
          infiniplex_forest_end_2, infiniplex_forest_lined_corner,
          infiniplex_forest_straight_1, bh_walls_and_bars
D:3:      layout_basic, marbit_many_paths, grunt_dithmenos_smoke_and_mirrors,
          ebering_ghost_reflecting_pool, kennysheep_cluttered_room,
          kennysheep_generic_room_8, uniq_ijyb, uniq_sigmund

Skill      XL: |  1  2  3  4 |
---------------+-------------+-----
Ranged Weapons | 5 |  5.5
Fighting       | 3 |  3.2
Armour         | 1 |  1.0
Dodging        | |  1.5
Stealth        | |  1.1

Action                     |  1- 3 |  4- 6 || total
---------------------------+-------+-------++-------
   Fire: Shortbow          |   120 |    50 ||   170
    Use: Scroll            |     3 |     6 ||     9
 Armour: Leather armour    |    27 |    11 ||    38
  Dodge: Dodged            |    41 |    21 ||    62

Table legend:
 A = Non-vault XP
 B = Vault XP
 C = Vault XP percentage of total XP
 D = Non-vault monster count
 E = Vault monster count
 F = Vault count percentage of total count
                 A         B        C        D         E       F
            +---------+---------+-------+---------+---------+-------
      Total |     156 |       1 |   0.6 |      49 |       1 |   2.0
            +---------+---------+-------+---------+---------+-------
        D:1 |      41 |       0 |   0.0 |      23 |       0 |   0.0
        D:2 |      71 |       0 |   0.0 |      22 |       0 |   0.0
        D:3 |      44 |       1 |   2.2 |       4 |       1 |  20.0
            +---------+---------+-------+---------+---------+-------
